 Dungeon Crawl Stone Soup version 0.28.0-62-gf88900778d (webtiles) character file.

Game seed: 13615632865537714374

48539 cbfl8 the Severer (level 14, -7/106 (113) HPs)
             Began as a Minotaur Fighter on Mar 12, 2024.
             Was a Believer of Hepliaklqana.
             Mangled by an ice devil (9 damage)
             ... summoned by an orc sorcerer
             ... while paralysed by an orc sorcerer
             ... on level 2 of the Orcish Mines.
             The game lasted 00:37:37 (31178 turns).

cbfl8 the Severer (Minotaur Fighter)               Turns: 31178, Time: 00:37:38

HP:   -7/106 (113)  AC: 20    Str: 22    XL:     14   Next: 12%
MP:   22/22         EV:  2    Int:  8    God:    Hepliaklqana [**....]
Gold: 1406          SH:  0    Dex: 20    Spells: 13/13 levels left

rFire   + . .      SeeInvis .   q - +3 broad axe (venom)
rCold   + . .      Faith    .   o - +2 buckler {reflect}
rNeg    . . .      Spirit   .   i - +0 plate armour
rPois   +          Reflect  +   (helmet restricted)
rElec   +          Harm     .   d - scarf {rC+ rF+}
rCorr   +          Rampage  .   n - +0 pair of gloves
Will    +....                   r - +0 pair of boots
Stlth   ..........              g - amulet of the acrobat
HPRegen 0.27/turn               a - ring "Imimach" {rCorr Int+3 Dex+6}
MPRegen 0.18/turn               c - ring of Bianusemm {rElec rPois MP+9 Stlth+}

@: paralysed, spiked, drained
A: reduced essence, horns 2, retaliatory headbutt, passive freeze
a: Renounce Religion, Recall Ancestor, Ancestor Identity


You were on level 2 of the Orcish Mines.
You worshipped Hepliaklqana.
Hepliaklqana was pleased with you.
You visited 3 branches of the dungeon, and saw 18 of its levels.
You also visited: Bailey and Gauntlet.

You collected 2086 gold pieces.
You spent 680 gold pieces at shops.

Inventory:

Hand Weapons
 q - a +3 broad axe of venom (weapon)
Armour
 d - a scarf of resistance (worn)
 i - a +0 plate armour (worn)
 n - a +0 pair of gloves (worn)
 o - a +2 buckler of reflection (worn)
 r - a +0 pair of boots (worn)
 t - a +2 cloak of willpower
Jewellery
 a - the ring "Imimach" (left hand) {rCorr Int+3 Dex+6}
   (You found it in a Gauntlet)

   [ring of dexterity]

   Int:       It affects your intelligence (+3).
   Dex:       It affects your dexterity (+6).
   rCorr:     It protects you from acid and corrosion.
 c - the ring of Bianusemm (right hand) {rElec rPois MP+9 Stlth+}
   (You found it in a Gauntlet)

   [ring of poison resistance]

   rElec:     It insulates you from electricity.
   rPois:     It protects you from poison.
   MP:        It affects your magic capacity (+9).
   Stlth:     It makes you more stealthy.
 g - an amulet of the acrobat (around neck)
 y - a ring of flight
Wands
 j - a wand of digging (11)
Scrolls
 b - 3 scrolls of immolation
 f - 2 scrolls of fear
 l - a scroll of blinking
 m - 4 scrolls of teleportation
 s - a scroll of noise
 u - 3 scrolls of identify
 w - 3 scrolls of silence
Potions
 e - a potion of might
 h - a potion of resistance
 k - 3 potions of haste
 p - 2 potions of mutation
 v - 5 potions of flight
 z - 4 potions of curing


   Skills:
 + Level 12.0 Fighting
 + Level 16.8 Axes
 + Level 15.1 Armour
 + Level 9.9 Shields
 * Level 10.4 Evocations


You had 13 spell levels left.
You didn't know any spells.
Your spell library contained the following spells:

 Spells                   Type           Power      Damage    Failure   Level
 Sting                    Tmut/Pois      0%         1d3       99%         1
 Poisonous Vapours        Pois/Air       0%         N/A       100%        2
 Sublimation of Blood     Necr           0%         N/A       100%        2
 Wereblood                Tmut           0%         N/A       100%        2
 Ignite Poison            Fire/Tmut/Pois 0%         N/A       100%        3
 Mephitic Cloud           Conj/Pois/Air  0%         N/A       100%        3
 Leda's Liquefaction      Hex/Erth       0%         N/A       100%        4
 Olgreb's Toxic Radiance  Pois           0%         N/A       100%        4
 Freezing Cloud           Conj/Ice/Air   0%         6-21      100%        5
 Lee's Rapid Deconstruct  Erth           0%         3d5*      100%        5
 Dispersal                Tloc           0%         N/A       100%        6
 Statue Form              Tmut/Erth      0%         N/A       100%        6
 Summon Hydra             Summ           0%         N/A       100%        7
 Disjunction              Tloc           0%         N/A       100%        8


Dungeon Overview and Level Annotations

Branches:
Dungeon (15/15)            Temple (1/1) D:5            Lair (0/6) D:9
    Orc (2/2) D:10            Elf (0/3) Orc:2        Vaults (0/5) D:13
 Depths (0/4) D:15         Bailey (visited)         Gauntlet (visited)

Altars:
Ashenzari
Cheibriados
Dithmenos
Elyvilon
Fedhas
Gozag
Hepliaklqana
Kikubaaqudgha
Makhleb
Nemelex Xobeh
Okawaru
Qazlal
Ru
Sif Muna
Trog
Uskayaw
Vehumet
Wu Jian
Xom
Yredelemnul
Zin
The Shining One
Beogh

Shops:
D:3 :   D:13 :[=   Orc:2 :

Portals:
Trove: D:12 (give 9 potions of haste)


Innate Abilities, Weirdness & Mutations

Your life essence is reduced to manifest your ancestor. (-10% HP)
You have a pair of horns on your head.
You reflexively headbutt those who attack you in melee.
A frigid envelope surrounds you and freezes all who hurt you.


Message History

You suddenly lose the ability to move!
Valentine barely misses the red devil.
The ice devil hits you but does no damage.
The ice devil completely resists.
The orc priest no longer looks unusually strong.
The orc wizard hits Valentine with a +0 dagger.
The red devil barely misses you.
Valentine hits the red devil with a +0 quarterstaff!!
The ice devil hits you but does no damage.
The orc wizard closely misses Valentine.
The red devil hits you from afar with a +0 trident!
* * * LOW HITPOINT WARNING * * *
Barbed spikes become lodged in your body.
Valentine hits the red devil with a +0 quarterstaff.
The ice devil hits you.
* * * LOW HITPOINT WARNING * * *
The ice devil freezes you! You resist.
* * * LOW HITPOINT WARNING * * *
The ice devil completely resists.
The orc wizard hits Valentine with a +0 dagger.
The red devil hits Valentine with a +0 trident!!
The orc priest looks braver for a moment.
The orc sorcerer gestures at you while chanting.
The bolt of negative energy hits the ice devil.
The ice devil completely resists.
The bolt of negative energy hits you!
You feel drained.
* * * LOW HITPOINT WARNING * * *
Valentine hits the red devil but does no damage.
An orc warrior comes into view.
It is wielding a +0 halberd and wearing a +0 chain mail of fire resistance.
The ice devil hits you.
* * * LOW HITPOINT WARNING * * *
The ice devil freezes you. You resist.
* * * LOW HITPOINT WARNING * * *
The ice devil completely resists.
The orc wizard hits Valentine with a +0 dagger.
The red devil completely misses Valentine.
Valentine misses the orc wizard.
The ice devil hits you.
* * * LOW HITPOINT WARNING * * *
The ice devil freezes you! You resist.
You die...

#............###. ..
##.............#.. ..#
#................. ....
#................. ###
....#####...........))...
8..
.......8............)....
..
.......))...........))...
...
......oR)...).....÷......
...
.....o44@..)......)......
8..
..o...o8..........÷))÷...
###
....#####.............#.#
... #................. ..
#.#............#..
##.#............##
#.....$.....#.##
#.........##..## ##
.......##...##


You could see the friendly Valentine the battlemage, an ice devil (summoned,
poisoned), an orc sorcerer, a red devil (summoned), an orc warrior, an orc
priest and an orc wizard (ally target).

Vanquished Creatures
  Roxanne (D:14)
  An orc warlord (Orc:2)
  A minotaur (Gauntlet)
  A blizzard demon (Gauntlet)
  An ettin (D:15)
  Snorg (Orc:2)
  A rakshasa (D:12)
  A boulder beetle (D:13)
  An ice dragon (D:13)
  An ogre mage (D:15)
  5 centaur warriors
  A death knight (D:12)
  3 two-headed ogres
  2 tengu warriors
  An orc high priest (Orc:2)
  A fire crab (shapeshifter) (D:14)
  4 skeletal warriors (D:11)
  A deep troll (D:15)
  A phantasmal warrior (D:12)
  An orc knight (Orc:1)
  A harpy (shapeshifter) (D:13)
  A necromancer (D:15)
  6 ugly things
  3 orc sorcerers
  6 cyclopes
  4 manticores
  3 kobold demonologists
  A gargoyle (D:11)
  A komodo dragon (D:9)
  A rime drake (shapeshifter) (D:13)
  An ice devil (Gauntlet)
  A yaktaur (shapeshifter) (D:13)
  3 freezing wraiths
  A wind drake (shapeshifter) (D:13)
  6 trolls
  2 raiju (Gauntlet)
  5 slime creatures
  A wraith (D:12)
  7 yaks
  A basilisk (D:13)
  9 vampire mosquitoes
  Grum (D:10)
  2 wargs (Orc:2)
  A water moccasin (D:6)
  2 acid dragons
  26 orc warriors
  An ice beast (D:8)
  6 ogres
  A necrophage (D:5)
  4 wolves (D:10)
  11 centaurs
  6 kobold brigands
  3 bullfrogs
  3 gnoll sergeants
  2 scorpions
  12 killer bees (D:9)
  8 wights
  4 howler monkeys (D:9)
  2 bullfrog zombies (D:5)
  A centaur zombie (D:6)
  3 jellies
  2 centaur skeletons
  12 orc priests
  2 bullfrog skeletons
  A gnoll shaman (D:8)
  4 iguanas
  18 orc wizards
  A lightning spire (Gauntlet)
  A killer bee zombie (D:8)
  A hound skeleton (D:4)
  2 howler monkey zombies
  Robin (D:3)
  13 gnolls
  2 howler monkey skeletons
  4 adders
  3 white imps
  An ufetubus (D:5)
  An adder zombie (D:5)
  An adder skeleton (D:4)
  2 worms (D:2)
  2 dart slugs
  72 orcs
  6 endoplasms
  4 giant cockroaches
  22 goblins
  15 hobgoblins
  4 quokkas
  7 ball pythons
  8 bats
  3 frilled lizards (D:1)
  31 kobolds
  4 rats
  A spectral kobold (D:10)
444 creatures vanquished.

Vanquished Creatures (collateral kills)
  A deep troll (D:15)
  2 wizards
  An orc knight (Orc:2)
  3 ugly things (D:14)
  2 cyclopes
  An efreet (D:14)
  3 slime creatures (D:15)
  3 wargs (Orc:2)
  7 orc warriors
  An ogre (Orc:2)
  An electric eel (D:15)
  An orc wizard (Orc:2)
  A gnoll (Orc:2)
  2 orcs (Orc:2)
29 creatures vanquished.

Vanquished Creatures (others)
  2 ancestors
  4 battlemagi
  43 plants (D:9)
49 creatures vanquished.

Grand Total: 522 creatures vanquished

Notes
Turn   | Place    | Note
-------+----------+-------------------------------------------
     0 | D:1      | cbfl8 the Minotaur Fighter began the quest for the Orb.
     0 | D:1      | Reached XP level 1. HP: 19/19 MP: 0/0
   316 | D:1      | Reached XP level 2. HP: 27/27 MP: 1/1
   458 | D:1      | Reached skill level 1 in Evocations
   567 | D:1      | Reached XP level 3. HP: 33/33 MP: 2/2
   974 | D:2      | Found a basalt altar of Yredelemnul.
   984 | D:2      | Reached skill level 3 in Axes
  1136 | D:2      | Reached XP level 4. HP: 39/40 MP: 3/3
  1406 | D:2      | You fall into a shaft and drop 2 floors!
  1406 | D:4      | Found a shimmering blue altar of Sif Muna.
  1482 | D:3      | Noticed Robin
  1495 | D:3      | Killed Robin
  2024 | D:3      | Reached XP level 5. HP: 45/46 MP: 4/4
  2036 | D:3      | Found a faded altar of an unknown god.
  2117 | D:3      | Found Syilojul's Book Shop.
  2127 | D:3      | Reached skill level 4 in Axes
  2592 | D:4      | Reached XP level 6. HP: 31/53 MP: 5/5
  2725 | D:4      | Reached skill level 5 in Axes
  3233 | D:4      | Reached skill level 5 in Armour
  3240 | D:4      | Found a glowing silver altar of Zin.
  3433 | D:5      | Entered Level 5 of the Dungeon
  3542 | D:5      | Found a staircase to the Ecumenical Temple.
  3586 | Temple   | Entered the Ecumenical Temple
  4024 | D:5      | Reached skill level 6 in Axes
  4024 | D:5      | Reached XP level 7. HP: 57/60 MP: 6/6
  4542 | D:5      | Reached skill level 5 in Fighting
  4879 | D:5      | Reached skill level 7 in Axes
  5578 | D:6      | Reached XP level 8. HP: 44/68 MP: 7/7
  6294 | D:6      | Reached skill level 8 in Axes
  7592 | D:7      | Noticed a kobold demonologist
  7599 | D:7      | Noticed a rust devil
  7602 | D:7      | Killed a kobold demonologist
  7603 | D:7      | Reached skill level 9 in Axes
  7608 | D:7      | Reached skill level 5 in Shields
  7773 | D:7      | Found a white marble altar of Elyvilon.
  7817 | D:7      | Reached XP level 9. HP: 54/72 MP: 8/8
  9602 | D:8      | Found a snail-covered altar of Cheibriados.
  9602 | D:8      | Noticed a two-headed ogre
  9609 | D:8      | Killed a two-headed ogre
  9610 | D:8      | Reached skill level 10 in Axes
  9610 | D:8      | Reached skill level 5 in Evocations
 10592 | D:9      | Found a sparkling altar of Nemelex Xobeh.
 10592 | D:9      | Noticed a troll
 10597 | D:9      | Killed a troll
 10598 | D:9      | Reached XP level 10. HP: 86/86 MP: 9/9
 10604 | D:9      | Found a burning altar of Makhleb.
 10605 | D:9      | Found a hide-covered altar of Uskayaw.
 11035 | D:9      | Reached skill level 11 in Axes
 11200 | D:9      | Found a flagged portal.
 11211 | Bailey   | Entered a bailey
 11850 | Bailey   | Identified the +1 triple sword "Hydrabane" {vorpal, Will+
                  | Dex+5}
 12535 | D:9      | Reached skill level 10 in Armour
 12720 | D:9      | Found a staircase to the Lair.
 13016 | D:10     | Entered Level 10 of the Dungeon
 13518 | D:10     | Noticed Grum
 13539 | D:10     | Killed Grum
 14188 | D:10     | Found a hazy altar of Hepliaklqana.
 14204 | D:10     | Became a worshipper of Hepliaklqana the Forgotten
 14227 | D:10     | Reached skill level 12 in Axes
 14227 | D:10     | Reached XP level 11. HP: 61/95 MP: 10/10
 14503 | D:10     | Found a staircase to the Orcish Mines.
 15466 | D:11     | Reached * piety under Hepliaklqana
 15582 | D:11     | Noticed a two-headed ogre
 15582 | D:11     | Noticed a tengu warrior
 15597 | D:11     | Killed a two-headed ogre
 15600 | D:11     | Killed a tengu warrior
 15611 | D:11     | Reached skill level 13 in Axes
 15800 | D:11     | Found a sacrificial altar of Ru.
 16455 | D:11     | Noticed a skeletal warrior
 16460 | D:11     | Noticed a skeletal warrior
 16467 | D:11     | Killed a skeletal warrior
 16468 | D:11     | Noticed a skeletal warrior
 16471 | D:11     | Noticed a skeletal warrior
 16472 | D:11     | Killed a skeletal warrior
 16954 | D:11     | Killed a skeletal warrior
 17298 | D:11     | Killed a skeletal warrior
 18060 | D:12     | Noticed a deep elf pyromancer
 18062 | D:12     | a deep elf pyromancer changed into a manticore
 18070 | D:12     | Found a gate leading to a gauntlet.
 18076 | Gauntlet | Entered a Gauntlet
 18076 | Gauntlet | Found a transporter.
 18097 | Gauntlet | Noticed a glowing orange brain
 18109 | Gauntlet | Noticed a thrashing horror
 18135 | Gauntlet | Noticed a glowing orange brain
 18514 | Gauntlet | Found a transporter.
 18514 | Gauntlet | Noticed a blizzard demon
 18530 | Gauntlet | Found a runed translucent door.
 18535 | Gauntlet | Found a transporter.
 18556 | Gauntlet | Found a transporter.
 18569 | Gauntlet | Found a transporter.
 18569 | Gauntlet | Noticed a fire crab
 18580 | Gauntlet | Noticed a brown ugly thing
 18583 | Gauntlet | Found a transporter.
 18583 | Gauntlet | Noticed a cyan ugly thing
 18584 | Gauntlet | Noticed a great orb of eyes
 18608 | Gauntlet | Noticed a red ugly thing
 18611 | Gauntlet | Noticed a purple ugly thing
 18612 | Gauntlet | Found a transporter.
 18612 | Gauntlet | Found a transporter.
 18617 | Gauntlet | Found a transporter.
 18650 | Gauntlet | Found a transporter.
 18650 | Gauntlet | Found a transporter.
 18677 | Gauntlet | Found a transporter.
 18958 | Gauntlet | Reached XP level 12. HP: 50/106 MP: 11/11
 18964 | Gauntlet | Gained mutation: A frigid envelope surrounds you and
                  | freezes all who hurt you. [potion of mutation]
 18977 | Gauntlet | Killed a blizzard demon
 18978 | Gauntlet | Reached skill level 14 in Axes
 19476 | Gauntlet | Identified the ring "Imimach" {rCorr Int+3 Dex+6}
 19708 | Gauntlet | Identified the +6 hunting sling of Sosir {speed, Will+}
 19709 | Gauntlet | Identified the ring of Bianusemm {rElec rPois MP+9 Stlth+}
 19837 | Gauntlet | Noticed a minotaur
 19845 | Gauntlet | Killed a minotaur
 20037 | D:12     | Reached skill level 10 in Fighting
 20601 | D:12     | Noticed a rakshasa
 20620 | D:12     | Killed a rakshasa
 21794 | D:12     | Noticed a death knight
 22289 | D:12     | Found a portal to a secret trove of treasure.
 23237 | D:12     | Killed a death knight
 23847 | D:12     | Found a portal to a secret trove of treasure.
 24361 | D:13     | Noticed a boulder beetle
 24371 | D:13     | Killed a boulder beetle
 24480 | D:13     | Found Xoris's Book Boutique.
 24705 | D:13     | Found Roptack's Armour Emporium.
 25212 | D:13     | Found Laasaeg Wuva's Jewellery Shoppe.
 25218 | D:13     | Reached skill level 15 in Axes
 25258 | D:13     | Noticed a centaur warrior
 25262 | D:13     | Killed a centaur warrior
 25355 | D:13     | Reached XP level 13. HP: 94/102 MP: 12/12
 25534 | D:13     | Found a gate to the Vaults.
 25983 | D:14     | Noticed Roxanne
 26018 | D:14     | Killed Roxanne
 27670 | D:15     | Entered Level 15 of the Dungeon
 27796 | D:15     | Noticed an ettin
 27805 | D:15     | Found a staircase to the Depths.
 27809 | D:15     | Reached ** piety under Hepliaklqana
 27810 | D:15     | Remembered your ancestor Valentine as a battlemage
 27844 | D:15     | Killed an ettin
 28332 | D:15     | Reached skill level 16 in Axes
 28346 | D:15     | HP: 4/104 [centaur warrior (4)]
 28959 | D:15     | Reached skill level 10 in Evocations
 29744 | Orc:1    | Entered Level 1 of the Orcish Mines
 29826 | Orc:2    | Entered Level 2 of the Orcish Mines
 30431 | Orc:2    | Found Sycw's Magic Scroll Shop.
 30435 | Orc:2    | Found a staircase to the Elven Halls.
 30460 | Orc:2    | Bought a scroll of blinking for 120 gold pieces
 30460 | Orc:2    | Bought a scroll of teleportation for 48 gold pieces
 30460 | Orc:2    | Bought a scroll of enchant armour for 120 gold pieces
 30460 | Orc:2    | Bought a scroll of identify for 32 gold pieces
 30460 | Orc:2    | Bought 3 scrolls of silence for 360 gold pieces
 30463 | Orc:2    | Found Yleoluq's Book Shoppe.
 30464 | Orc:2    | Noticed Snorg
 30472 | Orc:2    | Killed Snorg
 30513 | Orc:2    | Reached skill level 15 in Armour
 30513 | Orc:2    | Reached XP level 14. HP: 55/112 MP: 13/13
 30817 | Orc:2    | Noticed an orc warlord
 30842 | Orc:2    | Killed an orc warlord
 31173 | Orc:2    | Paralysed by an orc sorcerer for 6 turns
 31177 | Orc:2    | HP: 3/106 [ice devil[an orc sorcerer] (5)]
 31178 | Orc:2    | Mangled by an ice devil

Illustrated notes

Levels and vault maps discovered:
D:1:      minmay_arrival_widening_spiral_narrow, layout_rooms,
          corexii_item_surrounded_by_moat, kennysheep_pointless_box,
          nrook_mini_backslash, serial_park_tiny_pond, minmay_statues_item,
          chequers_decorated_corner
D:2:      layout_loops_ring, basic_altar
D:3:      layout_rooms, serial_shops, nicolae_shop_behind_doors,
          hellmonk_ecumenical_altar_leap_of_faith, corner_web_ring, uniq_robin
D:4:      layout_rooms, nicolae_overflow_crystal_walls,
          mainiacjoe_overflow_cross_hatched
D:5:      layout_basic, minmay_temple_entry_purple_smoke,
          kennysheep_cluttered_room, kennysheep_generic_room_9
D:6:      layout_basic, grunt_ministairs_13
D:7:      layout_layer_cave, elyvilon_altar_3
D:8:      layout_loops_ring, mainiacjoe_overflow_24_doors
D:9:      layout_loops_corners, jmf_multi_god_temple,
          mainiacjoe_overflow_boulevard, david_lair_shrubbed, enter_bailey_3,
          grunt_decor_junction
D:10:     layout_small_grid, nicolae_hepliaklqana_monster_ancestors,
          kennysheep_orc_monster_closet_entryway, minmay_orc_keep, uniq_grum
D:11:     layout_basic, nicolae_ru_great_annihilating_truth
D:12:     layout_long_grid, gauntlet_entry_generic, nicolae_trove_entry_columns,
          hangedman_decor_points, minivault_14
D:13:     layout_basic, david_vaults_4, serial_shops, shop_statue, shop_statue,
          nicolae_shop_waterfront
D:14:     layout_long_grid, minmay_misc_feat_nine_boxes, uniq_roxanne
D:15:     hangedman_depths_entry_civil_slaughter, layout_rooms, minivault_4
Temple:   minmay_temple_curvy_branch
Orc:1:    layout_caves, basic_altar, serial_shops, shop_scrolls
Orc:2:    grunt_orc_cross, layout_caves, serial_shops, shop, shop, basic_altar,
          mines3_lemuel, uniq_snorg

Skill      XL: |  1  2  3  4  5  6  7  8  9 10 11 12 13 14 |
---------------+-------------------------------------------+-----
Armour         | 4 5 6 7 9 10 11 13 15 | 15.1
Evocations     | 1 2 3 4 5 6 8 9 10 | 10.4
Shields        | 4 5 6 7 8 9 |  9.9
Fighting       | 4 5 6 7 8 9 10 11 12 | 12.0
Axes           | 3 4 6 7 9 10 12 13 15 16 | 16.8

Action                   |  1- 3 |  4- 6 |  7- 9 | 10-12 | 13-15 || total
-------------------------+-------+-------+-------+-------+-------++-------
Melee: War axe           |    77 |   123 |   144 |       |       ||   344
       Headbutt          |    13 |    19 |    72 |   174 |    71 ||   349
       Hand axe          |       |       |   168 |   194 |       ||   362
       Broad axe         |       |       |       |   408 |   218 ||   626
Invok: Ancestor Identity |       |       |       |     2 |       ||     2
       Recall Ancestor   |       |       |       |       |     1 ||     1
       Ancestor Life: Ba |       |       |       |       |     1 ||     1
Evoke: Wand              |       |       |     7 |    49 |     9 ||    65
  Use: Potion            |     2 |     1 |     2 |    12 |     3 ||    20
       Scroll            |       |     9 |     2 |    12 |    13 ||    36
 Stab: Paralysed         |       |       |       |     1 |     3 ||     4
       Invisible         |       |       |       |     2 |       ||     2
       Distracted        |       |       |       |     1 |     3 ||     4
Armor: Scale mail        |     9 |       |       |       |       ||     9
       Chain mail        |    38 |    69 |    78 |       |       ||   185
       Plate armour      |       |       |    47 |   361 |    93 ||   501
Dodge: Dodged            |    40 |    66 |   143 |   299 |    71 ||   619
       Repelled          |       |       |       |     1 |       ||     1
Block: Buckler           |    27 |    21 |    72 |   208 |    89 ||   417
       Reflection        |       |       |       |     8 |     1 ||     9
